 Dungeon Crawl Stone Soup version 0.27-a0-597-g524d869a0f (webtiles) character file.

Game seed: 2137497976584156274

4525 jestyr24 the Covert (level 10, -1/50 HPs)
             Began as a Vine Stalker Conjurer on Mar 10, 2021.
             Was a Priest of Sif Muna.
             Slain by a troll (5 damage)
             ... on level 8 of the Dungeon on Mar 12, 2021.
             The game lasted 01:15:21 (11737 turns).

jestyr24 the Covert (Vine Stalker Conjurer)        Turns: 11737, Time: 01:15:24

Health: -1/50      AC:  5    Str: 11    XL:     10   Next: 39%
Magic:  0/41       EV: 12    Int: 21    God:    Sif Muna [***...]
Gold:   567        SH:  0    Dex: 12    Spells: 18/26 levels left

rFire    + . .     SeeInvis +   J - +8 hand axe of Conversion {drain, *Slow rC+ rN++ MP+9}
rCold    + . .     Faith    .   (no shield)
rNeg     + + .     Spirit   +   I - +2 robe {rF+}
rPois    .         Reflect  .   (no helmet)
rElec    .         Harm     .   (no cloak)
rCorr    .         Rampage  .   o - +0 pair of gloves
Will     +....                  (no boots)
Stlth    ++++......             (no amulet)
HPRegen  1.16/turn              p - ring of magical power
MPRegen  0.27/turn              w - ring of see invisible

@: no status effects
A: fangs 3, regeneration 1, magic shield, antimagic bite, no potion heal 3
a: Renounce Religion, Channel Magic, Forget Spell


You were on level 8 of the Dungeon.
You worshipped Sif Muna.
Sif Muna was most pleased with you.
You visited 2 branches of the dungeon, and saw 10 of its levels.

You collected 567 gold pieces.

Inventory:

Hand Weapons
 c - the +6 spear of Xeuder {vorpal, Dex+4}
   (You found it on level 4 of the Dungeon)

   It inflicts extra damage upon your enemies.
   It affects your dexterity (+4).
 y - a +2 dagger of electrocution
 C - a +3 short sword
 J - the +8 hand axe of Conversion (weapon) {drain, *Slow rC+ rN++ MP+9}
   (You took it off a gnoll on level 7 of the Dungeon)

   A truly terrible weapon, it drains the life of those it strikes.
   It protects you from cold.
   It greatly protects you from negative energy.
   It affects your magic capacity (+9).
   It may slow you when you take damage.
Missiles
 e - 270 stones
 u - 36 poisoned darts
Armour
 i - a +0 tower shield
 o - a +0 pair of gloves (worn)
 t - a +0 kite shield
 D - a +0 helmet
 I - a +2 robe of fire resistance (worn)
Jewellery
 p - a ring of magical power (right hand)
 v - a ring of protection from fire
 w - a ring of see invisible (left hand)
 z - a ring of flight
 L - a +6 ring of intelligence
Wands
 x - a wand of polymorph (8)
 A - a wand of random effects (18)
 F - a wand of flame (17)
Scrolls
 d - 6 scrolls of identify
 h - a scroll of brand weapon {unknown}
 j - 5 scrolls of teleportation {unknown}
 k - 5 scrolls of amnesia {unknown}
 n - 5 scrolls of enchant weapon {unknown}
 r - 2 scrolls of fog {unknown}
 E - 2 scrolls of immolation {unknown}
 G - a scroll of magic mapping {unknown}
 K - 3 scrolls of enchant armour {unknown}
 M - a scroll of blinking {unknown}
 N - a scroll of fear {unknown}
Potions
 a - a potion of haste {unknown}
 b - a potion of lignification {unknown}
 f - 3 potions of curing
 g - a potion of magic {unknown}
 l - 3 potions of resistance
 m - 4 potions of heal wounds {unknown}
 q - 3 potions of mutation {unknown}
 s - a potion of invisibility {unknown}
 B - a potion of might {unknown}
 H - 3 potions of flight {unknown}


   Skills:
 + Level 4.2 Fighting
 - Level 1.0 Polearms
 - Level 1.8 Dodging
 + Level 9.6 Stealth
 + Level 8.5 Spellcasting
 + Level 8.7 Conjurations
 * Level 4.1 Hexes


You had 18 spell levels left.
You knew the following spells:

 Your Spells              Type           Power      Damage    Failure   Level
a - Magic Dart            Conj           100%       1d8       1%          1
b - Searing Ray           Conj           90%        3d6       1%          2
c - Corona                Hex            28%        N/A       1%          1
d - Fulminant Prism       Conj/Hex       18%        3d11      5%          4

Your spell library contained the following spells:

 Spells                   Type           Power      Damage    Failure   Level
 Dazzling Flash           Conj/Hex       72%        N/A       1%          3
 Animate Skeleton         Necr           16%        N/A       8%          1
 Apportation              Tloc           16%        N/A       8%          1
 Summon Small Mammal      Summ           32%        N/A       8%          1
 Iskenderun's Mystic Bla  Conj/Tloc      27%        2d7       12%         4


Dungeon Overview and Level Annotations

Branches:
Dungeon (9/15)             Temple (1/1) D:4            Lair (0/6) D:8
    Orc: D:9-12

Altars:
Ashenzari
Cheibriados
Dithmenos
Elyvilon
Fedhas
Gozag
Hepliaklqana
Kikubaaqudgha
Makhleb
Nemelex Xobeh
Okawaru
Qazlal
Ru
Sif Muna
Trog
Uskayaw
Vehumet
Wu Jian
Xom
Yredelemnul
Zin
The Shining One

Shops:
D:4 !(


Innate Abilities, Weirdness & Mutations

You have razor-sharp teeth.
Your natural rate of healing is unusually fast.
When hurt, damage is shared between your health and your magic reserves.
Your bite disrupts and absorbs the magic of your enemies.
Potions cannot restore your health.


Message History

Press: ? - help, Shift-Dir - straight line, f - troll
Aim: a troll (18% to evade)
The searing ray hits the troll.
The troll is lightly wounded. (Press . to maintain the ray.)
The searing ray hits the troll!
The troll is heavily wounded.
The searing ray misses the troll.
The searing ray hits the troll!
The troll is severely wounded.
You finish channeling your searing ray.
The troll barely misses you. x2
The troll claws you!
Casting: Searing Ray (safe; 1% risk of failure)
Confirm with . or Enter, or press ? or * to list all spells.
Aiming: Searing Ray (safe; 1% risk of failure)
Press: ? - help, Shift-Dir - straight line, f/p - troll
Aim: a troll (severely wounded, 18% to evade)
The searing ray hits the troll!
The troll is almost dead. (Press . to maintain the ray.)
The troll bites you! The troll claws you! x2
The searing ray hits the troll.
You kill the troll!
Sif Muna accepts your kill.
A troll comes into view.
There is a stone staircase leading up here.
The troll misses you. The troll barely misses you. The troll claws you!
You climb upwards.
There is a stone staircase leading down here.
You slash the troll!
The troll is moderately wounded.
The troll closely misses you. The troll claws you. The troll barely misses you.
You completely miss the troll.
The troll is moderately wounded.
The troll bites you. The troll claws you! The troll claws you.
* * * LOW HITPOINT WARNING * * *
The troll bites you!
* * * LOW HITPOINT WARNING * * *
The troll claws you!
You die...

#.#########)##..............# #
#.....##...[.#.............)####
#####.#......[..............)...
#.#................#########
#.......#..........#
###.....#..........#
#.....#.....###########
#.....#.....'.......o.#
#.....#..@T.#####.....#
#.....#.....#...#..o<.#
#.....#.....#.#.#.....#
#######.....#.#.#.....#
#.........#.#.#.....#
#.........#.#.#....##
#...........#.######
#.........###......#
###########<######.#


You could see a troll.

Vanquished Creatures
  Pikel (D:6)
  A troll (D:9)
  Grinder (D:4)
  A hornet (D:8)
  Sigmund (D:6)
  2 wargs (D:8)
  2 orc warriors
  5 ogres
  A phantom (D:4)
  6 centaurs
  2 kobold brigands
  A lemure (D:6)
  4 bullfrogs
  A wyvern skeleton (D:8)
  2 howler monkeys
  3 wights (D:6)
  2 centaur zombies
  A quasit (D:9)
  5 hounds
  A jelly (D:7)
  A centaur skeleton (D:7)
  3 orc priests
  2 bullfrog skeletons
  A gnoll shaman (D:7)
  Ijyb (D:4)
  Natasha (thrice) (D:4)
  An iguana (D:5)
  7 orc wizards
  4 worker ants
  3 worker ant zombies (D:8)
  10 gnolls
  A howler monkey skeleton (D:4)
  6 adders
  3 shadow imps
  2 white imps
  2 oozes
  An adder zombie (D:6)
  An adder skeleton (D:7)
  3 worms
  3 leopard geckos
  29 orcs
  5 giant cockroaches
  7 goblins
  7 hobgoblins
  11 jackals
  A quokka (D:4)
  A ball python (D:2)
  6 bats
  4 frilled lizards
  16 kobolds
  A leopard gecko zombie (D:8)
  A quokka skeleton (D:5)
  4 rats
194 creatures vanquished.

Vanquished Creatures (others)
  An ogre (D:7)
  A bullfrog (D:7)
  A scorpion (D:7)
  A hound (D:7)
  An iguana (D:7)
  An adder (D:7)
  A jackal (D:7)
  18 fulminant prisms
  A plant (D:1)
26 creatures vanquished.

Grand Total: 220 creatures vanquished

Notes
Turn   | Place    | Note
-------+----------+-------------------------------------------
     0 | D:1      | jestyr24 the Vine Stalker Conjurer began the quest for the
                  | Orb.
     0 | D:1      | Reached XP level 1. HP: 9/9 MP: 4/4
   509 | D:1      | Reached XP level 2. HP: 11/13 MP: 1/6
   560 | D:1      | Learned a level 2 spell: Searing Ray
  1387 | D:1      | Reached XP level 3. HP: 7/16 MP: 0/7
  1943 | D:1      | Reached skill level 3 in Stealth
  2548 | D:2      | Upgraded the game from 0.27-a0-592-g0306a34022 to
                  | 0.27-a0-597-g524d869a0f
  2877 | D:2      | Gained mutation: Your natural rate of healing is unusually
                  | fast. [Vine Stalker growth]
  2877 | D:2      | Reached XP level 4. HP: 21/21 MP: 3/8
  3178 | D:2      | Found a sacrificial altar of Ru.
  3499 | D:3      | Reached skill level 5 in Conjurations
  3835 | D:3      | Found a faded altar of an unknown god.
  3841 | D:3      | Reached XP level 5. HP: 25/25 MP: 10/10
  3987 | D:3      | Reached skill level 4 in Stealth
  4358 | D:4      | Found a staircase to the Ecumenical Temple.
  4369 | Temple   | Entered the Ecumenical Temple
  4397 | Temple   | Learned a level 1 spell: Corona
  4624 | Temple   | Became a worshipper of Sif Muna the Loreminder
  4668 | D:4      | Noticed Grinder
  4677 | D:4      | Killed Grinder
  4678 | D:4      | Reached skill level 1 in Fighting
  4678 | D:4      | Reached skill level 5 in Stealth
  4678 | D:4      | Reached skill level 1 in Hexes
  4678 | D:4      | Reached XP level 6. HP: 28/30 MP: 8/12
  4683 | D:4      | Learned a level 4 spell: Fulminant Prism
  4770 | D:4      | Noticed Ijyb
  4780 | D:4      | Killed Ijyb
  4795 | D:4      | Reached XP level 7. HP: 31/34 MP: 11/13
  4939 | D:4      | Found Voskudu's Distillery.
  5057 | D:4      | Found Maenn's Weapon Emporium.
  5069 | D:4      | Reached skill level 6 in Stealth
  5172 | D:4      | Identified the +6 spear of Xeuder {vorpal, Dex+4}
  5323 | D:4      | Noticed Natasha
  5325 | D:4      | Killed Natasha
  5398 | D:4      | Reached * piety under Sif Muna
  5623 | D:4      | Noticed Natasha
  5636 | D:4      | Killed Natasha
  5814 | D:4      | Noticed Natasha
  5819 | D:4      | Killed Natasha
  5820 | D:4      | Gained mutation: You have razor-sharp teeth. [Vine Stalker
                  | growth]
  5820 | D:4      | Reached XP level 8. HP: 39/39 MP: 15/15
  5871 | D:5      | Entered Level 5 of the Dungeon
  6321 | D:5      | Reached skill level 7 in Stealth
  6987 | D:7      | Reached skill level 1 in Polearms
  7264 | D:6      | Reached skill level 5 in Spellcasting
  7633 | D:6      | Noticed Sigmund
  7639 | D:6      | Killed Sigmund
  7640 | D:6      | Reached skill level 8 in Stealth
  7866 | D:6      | Noticed Pikel
  7892 | D:6      | Reached XP level 9. HP: 29/44 MP: 7/18
  8069 | D:6      | Killed Pikel
  8320 | D:6      | Reached ** piety under Sif Muna
  8799 | D:6      | Found a shadowy altar of Dithmenos.
  8941 | D:7      | Found a stormy altar of Qazlal.
  9001 | D:7      | Reached skill level 9 in Stealth
  9159 | D:7      | Identified the +8 hand axe of Conversion {drain, *Slow rC+
                  | rN++ MP+9}
  9418 | D:7      | Found a shimmering altar of Xom.
  9634 | D:7      | Found a shimmering altar of Xom.
  9772 | D:7      | Found a radiant altar of Vehumet.
  9772 | D:7      | Found a bloodstained altar of Trog.
 10299 | D:8      | Found a staircase to the Lair.
 10499 | D:8      | Noticed a hornet
 10507 | D:8      | Killed a hornet
 10508 | D:8      | Reached XP level 10. HP: 47/49 MP: 22/22
 10579 | D:8      | Reached *** piety under Sif Muna
 11026 | D:8      | Found a shimmering blue altar of Sif Muna.
 11114 | D:8      | Found a glowing golden altar of the Shining One.
 11737 | D:8      | Slain by a troll

Illustrated notes

Levels and vault maps discovered:
D:1:      tarquinn_simple_flora_water_d, layout_basic
D:2:      layout_basic, grunt_ministairs_12, hex_medium,
          nicolae_ru_path_of_blood
D:3:      layout_basic, chequers_ecumenical_altar_simple, serial_bayou_lagoon_a
D:4:      layout_loops_ring, minmay_temple_entry_offerings, serial_shops, shop,
          shop, uniq_ijyb, uniq_grinder, uniq_natasha
D:5:      layout_cave_pods, serial_column_ruins, column_ruins_hut,
          column_ruins_columns_straight, column_ruins_grid_3,
          column_ruins_columns_straight, column_ruins_open_small,
          column_ruins_grid_1, column_ruins_open_tiny, kennysheep_dice
D:6:      layout_layer_cave, grunt_dithmenos_shadows, uniq_pikel, uniq_sigmund
D:7:      layout_basic, kennysheep_mini, xom_confusion_cloud,
          gammafunk_temple_overflow_elements, basic_altar
D:8:      layout_basic, tso_altar, erik_lair_orcish_takeover,
          lemuel_centaur_altar
D:9:      layout_loops_ring, orc_0_dummy
Temple:   eino_temple_scatter_basement

Skill      XL: |  1  2  3  4  5  6  7  8  9 10 |
---------------+-------------------------------+-----
Stealth        | 3 5 6 8 9 |  9.6
Conjurations   | 5 6 8 |  8.7
Fighting       | 1 2 3 4 |  4.2
Spellcasting   | 3 4 5 7 8 |  8.5
Hexes          | 1 2 3 4 |  4.1
Polearms       | 1 |  1.0
Dodging        | |  1.8

Action                   |  1- 3 |  4- 6 |  7- 9 | 10-12 || total
-------------------------+-------+-------+-------+-------++-------
Melee: Unarmed           |    17 |       |       |       ||    17
       Bite              |    16 |     3 |     7 |     2 ||    28
       Dagger            |    46 |     6 |       |       ||    52
       Short sword       |       |    11 |       |       ||    11
       Spear             |       |       |    63 |       ||    63
       Hand axe          |       |       |     6 |     8 ||    14
 Cast: Magic Dart        |    58 |    23 |   103 |    32 ||   216
       Searing Ray       |     8 |     9 |    50 |    22 ||    89
       Fulminant Prism   |       |       |     6 |    12 ||    18
       Corona            |       |       |       |     1 ||     1
  Use: Potion            |     2 |       |       |       ||     2
       Scroll            |       |     2 |       |       ||     2
 Stab: Sleeping          |     1 |     3 |     9 |       ||    13
Armor: Robe              |    16 |     3 |     8 |     2 ||    29
Dodge: Dodged            |    45 |    14 |    43 |    17 ||   119
Block: Kite shield       |       |       |     2 |       ||     2

Table legend: (Time is in decaauts)
 A = Elapsed time spent in this place.
 B = Non-inter-level travel time spent in this place.
 C = Inter-level travel time spent in this place.
 D = Time resting spent in this place.
 E = Time spent auto-exploring this place.
 F = Levels seen in this place.
 G = Mean time per level.
                   A        B        C        D        E       F      G
               +--------+--------+--------+--------+--------+-----+--------+
         Total |  11777 |  11386 |    391 |   2970 |   6078 |  10 | 1177.7 |
       Dungeon |  11510 |  11173 |    337 |   2970 |   5906 |   9 | 1278.9 |
        Temple |    266 |    212 |     54 |      0 |    172 |   1 |  266.0 |
               +--------+--------+--------+--------+--------+-----+--------+

Top non-repeatable levels by time:
     D:1: 2218 daAuts
     D:6: 1933 daAuts
     D:8: 1620 daAuts
     D:4: 1278 daAuts
     D:2: 1247 daAuts
     D:7: 1235 daAuts
     D:5: 1082 daAuts
     D:3: 875 daAuts
  Temple: 266 daAuts
     D:9: 19 daAuts
